 Dungeon Crawl Stone Soup version 0.31.0-11-ge490571c62 (webtiles) character file.

Game seed: 4612762791793961218

9153 Suckerboh the Basher (level 11, 0/94 HPs)
             Began as a Minotaur Fighter on Feb 4, 2024.
             Was a Priest of Elyvilon.
             Succumbed to Erica's bolt of poison
             ... on level 9 of the Dungeon.
             The game lasted 00:11:52 (8362 turns).

Suckerboh the Basher (Minotaur Fighter)             Turns: 8362, Time: 00:11:53

Health: 0/94       AC: 15    Str: 26    XL:     11   Next: 19%
Magic:  14/14      EV:  9    Int:  5    God:    Elyvilon [***...]
Gold:   431        SH:  5    Dex:  9    Spells: 10/10 levels left

rFire   . . .        a - +0 morningstar
rCold   . . .        c - +0 buckler
rNeg    . . .        t - +3 chain mail
rPois   .            (helmet restricted)
rElec   .            (no cloak)
rCorr   .            j - +0 pair of gloves
SInv    .            (no boots)
Will    .....        q - amulet of regeneration Stlth
                     y - ring of flight
HPRegen 1.15/turn    (no ring)
MPRegen 0.14/turn

%: no passive effects
@: lethally poisoned (0 -> -29), flying, slowed, very slow
A: horns 2, retaliatory headbutt
a: Renounce Religion, Purification, Heal Other, Heal Self


You were on level 9 of the Dungeon.
You worshipped Elyvilon.
Elyvilon was most pleased with you.
You visited 2 branches of the dungeon, and saw 10 of its levels.
You also visited: Ossuary and Bailey.

You collected 431 gold pieces.

Inventory:

Hand Weapons
 a - a +0 morningstar (weapon)
 G - a +0 flail
Missiles
 E - a throwing net
 H - a curare-tipped dart (quivered)
Armour
 c - a +0 buckler (worn)
 j - a +0 pair of gloves (worn)
 t - a +3 chain mail (worn)
Jewellery
 o - a ring of magical power
 p - an amulet of the acrobat
 q - an amulet of regeneration (around neck)
 y - a ring of flight (left hand)
Wands
 s - a wand of mindburst (12)
 F - a wand of flame (10)
Scrolls
 b - a scroll of silence {unknown}
 e - 2 scrolls of blinking {unknown}
 f - a scroll of noise {unknown}
 g - 2 scrolls of teleportation {unknown}
 h - 5 scrolls of identify {unknown}
 i - 2 scrolls of revelation {unknown}
 l - 2 scrolls of vulnerability {unknown}
 n - 2 scrolls of brand weapon {unknown}
 r - 8 scrolls of fog {unknown}
 w - 2 scrolls of enchant armour {unknown}
 I - 3 scrolls of fear {unknown}
 L - a scroll of immolation {unknown}
Potions
 d - 2 potions of might
 k - a potion of lignification {unknown}
 m - 4 potions of degeneration
 u - 2 potions of attraction {unknown}
 v - 3 potions of heal wounds {unknown}
 x - 2 potions of haste {unknown}
 z - 2 potions of berserk rage {unknown}
 A - a potion of brilliance {unknown}
 B - a potion of ambrosia {unknown}
 C - 3 potions of resistance {unknown}
 D - a potion of enlightenment {unknown}
 J - a potion of magic {unknown}
 K - a potion of invisibility {unknown}


   Skills:
 + Level 8.1 Fighting
 * Level 14.7 Maces & Flails
 + Level 0.3 Throwing
 + Level 9.3 Armour
 + Level 3.4 Dodging
 + Level 5.9 Shields
 * Level 6.1 Invocations
 + Level 0.1 Evocations


You had 10 spell levels left.
You didn't know any spells.
Your spell library contained the following spells:

 Spells                   Type           Power      Damage    Failure   Level
 Freeze                   Ice            0%         1d3       94%         1
 Kiss of Death            Conj/Necr      0%         2d5       94%         1
 Slow                     Hex            0%         N/A       94%         1
 Lesser Beckoning         Tloc           0%         N/A       98%         2
 Sublimation of Blood     Necr           0%         N/A       98%         2
 Confusing Touch          Hex            0%         N/A       100%        3
 Frozen Ramparts          Ice            0%         1d1       100%        3
 Gell's Gravitas          Tloc           0%         N/A       100%        3
 Hailstorm                Conj/Ice       0%         3d5       100%        3
 Sigil of Binding         Hex            0%         N/A       100%        3
 Teleport Other           Tloc           0%         N/A       100%        3
 Vampiric Draining        Necr           0%         2d6       100%        3
 Volatile Blastmotes      Fire/Tloc      0%         2d10      100%        3
 Dispel Undead            Necr           0%         3d6       100%        4
 Fulminant Prism          Conj/Alch      0%         3d5       100%        4
 Iskenderun's Mystic Bla  Conj/Tloc      0%         2d3       100%        4
 Leda's Liquefaction      Alch/Erth      0%         N/A       100%        4
 Petrify                  Alch/Erth      0%         N/A       100%        4
 Vhi's Electric Charge    Tloc/Air       0%         N/A       100%        4
 Irradiate                Conj/Alch      0%         3d11      100%        5
 Metabolic Englaciation   Hex/Ice        0%         N/A       100%        5
 Malign Gateway           Summ/Tloc      0%         N/A       100%        7


Dungeon Overview and Level Annotations

Branches:
Dungeon (9/15)             Temple (1/1) D:4         Ossuary (visited)
 Bailey (visited)
   Lair: D:8-11         Orc: D:9-12

Altars:
Ashenzari
Cheibriados
Dithmenos
Elyvilon
Fedhas
Gozag
Hepliaklqana
Makhleb
Nemelex Xobeh
Okawaru
Qazlal
Ru
Sif Muna
Trog
Uskayaw
Wu Jian
Xom
Yredelemnul
Zin

Annotations:
D:4 Dowan
D:9 Erica


Innate Abilities, Weirdness & Mutations

You have a pair of horns on your head.
You reflexively headbutt those who attack you in melee.


Message History

Reactivating autopickup.
There is a stone staircase leading down here.
You start resting.
HP restored.
You fly downwards.
Level annotation: Erica
There is a stone staircase leading up here.
Erica stares at you and mumbles some strange words.
You feel yourself slow down.
Erica mumbles some strange words.
Erica flickers and vanishes!
Deactivating autopickup; reactivate with Ctrl-A.
Things that are here:
a throwing net; a curare-tipped dart
H - a curare-tipped dart;
E - a throwing net You hear some strange, mumbled words.
A bolt of poison appears from out of thin air!
The bolt of poison misses you.
Found a glowing hand axe.
You hear some strange, mumbled words.
A bolt of poison appears from out of thin air!
The bolt of poison hits you!!
You are poisoned.
You feel very sick.
You feel very sick.
Something tries to affect you, but you resist.
You feel very sick.
You hear some strange, mumbled words.
A bolt of poison appears from out of thin air!
The bolt of poison hits you!
You are more poisoned.
You feel extremely sick.
You feel extremely sick.
You hear some strange, mumbled words.
A bolt of poison appears from out of thin air!
The bolt of poison hits you!!
You are more poisoned.
* * * LOW HITPOINT WARNING * * *
There is a stone staircase leading up here.
You die...

######### #.......#
#.#####.# #.# #.#
###.# #.#
#.#....####.##########
...........{..@.......
........############..
#.....$...).#
#.#.....###.#
#.##....# #....#
#....# #....# #....#


There were no monsters in sight!

Vanquished Creatures
  2 vault guards (Bailey)
  Jeremiah (D:7)
  A hornet (D:8)
  Prince Ribbit (Bailey)
  A wraith (D:8)
  A yak (D:6)
  2 wyverns (D:8)
  10 humans (Bailey)
  A steam dragon (D:6)
  Duvessa (D:4)
  3 black bears
  4 ice beasts
  2 orc warriors
  5 sky beasts
  4 ogres
  4 centaurs
  2 phantoms
  A weeping skull (Ossuary)
  3 kobold brigands (D:8)
  10 bullfrogs
  A gnoll sergeant (D:7)
  4 scorpions
  3 water moccasin zombies (Ossuary)
  7 wights
  2 howler monkeys (D:7)
  4 bombardier beetles
  8 hounds
  5 jellies
  An orc priest (D:8)
  A gnoll bouda (D:6)
  3 sleepcaps
  4 iguanas
  5 orc wizards
  Terence (D:3)
  3 crocodile zombies (Ossuary)
  2 mummies (Ossuary)
  14 gnolls
  6 adders
  A shadow imp (D:8)
  2 ufetubi (D:6)
  4 adder zombies (Ossuary)
  A dart slug (D:2)
  3 ribbon worms
  16 orcs
  2 endoplasms
  4 giant cockroaches
  11 gnoll zombies (Ossuary)
  11 goblins
  8 hobgoblins
  3 jackals (D:2)
  3 ball pythons (D:1)
  2 bats
  4 frilled lizards
  3 jackal zombies (Ossuary)
  14 kobolds
  4 orc zombies (Ossuary)
  A rat (D:1)
230 creatures vanquished.

Notes
Turn   | Place    | Note
-------+----------+-------------------------------------------
     0 | D:1      | Suckerboh the Minotaur Fighter began the quest for the Orb.
     0 | D:1      | Reached XP level 1. HP: 19/19 MP: 0/0
   122 | D:1      | Found a faded altar of an unknown god.
   464 | D:1      | Reached XP level 2. HP: 17/27 MP: 1/1
   977 | D:2      | Reached skill level 3 in Maces & Flails
  1075 | D:2      | Reached XP level 3. HP: 33/33 MP: 2/2
  1325 | D:2      | Got the Writings on the Moving Zephyr
  1571 | D:3      | Reached XP level 4. HP: 17/40 MP: 3/3
  1780 | D:3      | Identified the +4 short sword of the Modern Mouths {drain,
                  | rF+}
  1962 | D:3      | Reached skill level 4 in Maces & Flails
  1971 | D:3      | Noticed Terence
  1978 | D:3      | Killed Terence
  2151 | D:4      | Noticed a phantom
  2175 | D:3      | Killed a phantom
  2176 | D:3      | Reached skill level 5 in Maces & Flails
  2176 | D:3      | Reached XP level 5. HP: 39/46 MP: 4/4
  2445 | D:4      | Reached skill level 6 in Maces & Flails
  2445 | D:4      | Reached XP level 6. HP: 52/52 MP: 5/5
  2581 | D:4      | Reached skill level 1 in Dodging
  2673 | D:4      | Reached skill level 7 in Maces & Flails
  2673 | D:4      | Reached skill level 5 in Armour
  2693 | D:4      | Reached XP level 7. HP: 44/60 MP: 6/6
  3065 | D:4      | Found a staircase to the Ecumenical Temple.
  3074 | Temple   | Entered the Ecumenical Temple
  3343 | Temple   | Became a worshipper of Elyvilon the Healer
  3371 | D:5      | Entered Level 5 of the Dungeon
  3371 | D:5      | Noticed Duvessa
  3371 | D:5      | Noticed Dowan
  3385 | D:4      | Reached skill level 8 in Maces & Flails
  3390 | D:4      | Killed Duvessa
  3544 | D:5      | Reached skill level 1 in Invocations
  3579 | D:5      | Reached XP level 8. HP: 67/67 MP: 7/7
  3582 | D:5      | Reached skill level 9 in Maces & Flails
  3595 | D:5      | Found a sand-covered staircase.
  3604 | Ossuary  | Entered an ossuary
  3672 | Ossuary  | Reached skill level 5 in Fighting
  3832 | Ossuary  | Reached skill level 10 in Maces & Flails
  4084 | D:5      | Reached skill level 5 in Shields
  4341 | D:6      | Reached skill level 11 in Maces & Flails
  4341 | D:6      | Reached XP level 9. HP: 28/74 MP: 10/10
  4630 | D:6      | Found an ornate altar of the Wu Jian Council.
  4674 | D:6      | Reached * piety under Elyvilon
  5544 | D:6      | Reached skill level 12 in Maces & Flails
  5783 | D:7      | Reached ** piety under Elyvilon
  5875 | D:7      | Noticed Jeremiah
  5896 | D:7      | Killed Jeremiah
  5969 | D:7      | Reached XP level 10. HP: 76/84 MP: 12/12
  6853 | D:8      | Reached skill level 13 in Maces & Flails
  7045 | D:8      | Reached skill level 5 in Invocations
  7130 | D:8      | Found a flagged portal.
  7150 | Bailey   | Entered a bailey
  7302 | Bailey   | Reached skill level 14 in Maces & Flails
  7329 | Bailey   | Reached *** piety under Elyvilon
  7345 | Bailey   | Noticed a vault guard
  7380 | Bailey   | Killed a vault guard
  7416 | Bailey   | Noticed a vault guard
  7416 | Bailey   | Noticed Prince Ribbit
  7431 | Bailey   | Killed a vault guard
  7432 | Bailey   | Reached XP level 11. HP: 57/94 MP: 14/14
  7435 | Bailey   | Killed Prince Ribbit
  7549 | D:8      | Paralysed by a hornet for 3 turns
  8137 | D:9      | Noticed Erica
  8362 | D:9      | Succumbed to Erica's bolt of poison

Illustrated notes

Levels and vault maps discovered:
D:1:      saegor_arrival_simple_e, layout_loops_corners,
          hellmonk_ecumenical_altar_arch_garden, minmay_tromino_mix6
D:2:      layout_rooms, st_stairs_8
D:3:      layout_loops_ring, uniq_terence
D:4:      layout_layer_cave, kennysheep_little_box, minmay_temple_entry_waves
D:5:      layout_gridville, nicolae_ossuary_entry_ruins, grunt_ministairs_12,
          uniq_duvessa
D:6:      layout_basic, minmay_ruined_shrine
D:7:      layout_basic, uniq_jeremiah
D:8:      minmay_general_purpose_star, layout_loops_ring, enter_bailey_3
D:9:      layout_loops_ring, serial_shops, shop, uniq_erica
Temple:   hellmonk_temple_of_storms

Skill      XL: |  1  2  3  4  5  6  7  8  9 10 11 |
---------------+----------------------------------+-----
Shields        | 4 5 |  5.9
Maces & Flails | 3 5 6 7 8 11 12 14 | 14.7
Armour         | 4 5 6 7 9 |  9.3
Fighting       | 4 5 6 8 |  8.1
Dodging        | 1 2 3 |  3.4
Invocations    | 1 2 4 5 6 |  6.1
Throwing       | |  0.3
Evocations     | |  0.1

Action                     |  1- 3 |  4- 6 |  7- 9 | 10-12 || total
---------------------------+-------+-------+-------+-------++-------
  Melee: Flail             |    87 |    78 |   404 |    34 ||   603
         Headbutt          |     6 |    19 |    89 |    36 ||   150
         Morningstar       |       |       |       |   244 ||   244
  Throw: Dart              |       |       |       |     6 ||     6
         Throwing net      |       |       |       |     2 ||     2
  Evoke: Wand              |       |       |     3 |       ||     3
    Use: Potion            |       |     2 |       |       ||     2
 Armour: Scale mail        |    60 |     4 |       |       ||    64
         Chain mail        |       |    53 |   304 |   197 ||   554
  Dodge: Dodged            |    46 |    32 |   145 |    81 ||   304
  Block: Buckler           |    23 |    18 |    78 |    51 ||   170
